 Dungeon Crawl Stone Soup version 0.27.1-4-g1640c2035a (webtiles) character file.

Game seed: 13006548627540614778

4 snilloc10 the Sneak (level 1, 0/9 HPs)
             Began as a Spriggan Earth Elementalist on Nov 5, 2021.
             Slain by a ball python (1 damage)
             ... on level 1 of the Dungeon.
             The game lasted 00:01:20 (251 turns).

snilloc10 the Sneak (Spriggan Earth Elementalist)    Turns: 251, Time: 00:01:20

Health: 0/9        AC:  2    Str:  4    XL:     1   Next: 50%
Magic:  5/5        EV: 17    Int: 16    God:
Gold:   0          SH:  0    Dex: 15    Spells: 4/5 levels left

rFire    . . .     SeeInvis +   (weapon restricted)
rCold    . . .     Faith    .   (shield restricted)
rNeg     . . .     Spirit   .   b - +0 robe
rPois    .         Reflect  .   (helmet restricted)
rElec    .         Harm     .   (no cloak)
rCorr    .         Rampage  .   (gloves unavailable)
Will     .....                  (boots unavailable)
Stlth    ++........             (no amulet)
HPRegen  0.03/turn              (no ring)
MPRegen  0.09/turn              (no ring)

@: very quick
A: very small, no large weapons, unfitting armour, see invisible, speed 3
a: no special abilities


You were on level 1 of the Dungeon.
You visited 1 branch of the dungeon, and saw 1 of its levels.

Inventory:

Missiles
 c - 25 stones
Armour
 b - a +0 robe (worn)
 f - a +0 robe
Scrolls
 a - a scroll of enchant armour {unknown}
 d - a scroll of fear {unknown}
 e - 2 scrolls of identify {unknown}


   Skills:
 + Level 2.9 Dodging
 + Level 3.2 Stealth
 + Level 0.1 Unarmed Combat
 + Level 2.6 Spellcasting
 + Level 1.3 Transmutations
 + Level 2.7 Earth Magic


You had 4 spell levels left.
You knew the following spells:

 Your Spells              Type           Power      Damage    Failure   Level
a - Sandblast             Erth           20%        2d7       6%          1

Your spell library contained the following spells:

 Spells                   Type           Power      Damage    Failure   Level
 Passwall                 Tmut/Erth      6%         N/A       13%         2
 Stone Arrow              Conj/Erth      12%        3d7       32%         3
 Petrify                  Tmut/Erth      8%         N/A       63%         4


Dungeon Overview and Level Annotations

Branches:
Dungeon (1/15)

Altars:


Innate Abilities, Weirdness & Mutations

You are very small and have problems with some larger weapons.
You are too small for most types of armour.
You have supernaturally acute eyesight. (SInv)
You cover ground extremely quickly. (Speed+++)


Message History

The kobold hits you but does no damage.
You closely miss the kobold. The kobold hits you but does no damage.
The ball python bites you. The ball python barely misses you.
Found a scroll labelled QUGIWEZ MAFF.
Found a ring mail.
Found a robe.
Found a stone staircase leading down.
A bat comes into view.
You see here a +0 robe.
Aiming: Sandblast (safe; 6% risk of failure)
Press: ? - help, Q - select action, (/) - cycle Shift-Dir - straight line, f - you
Okay, then.
f - a +0 robe
Found 11 gold pieces.
A goblin comes into view. It is wielding a +0 club.
A rat comes into view.
You hit the goblin.
The goblin is moderately wounded.
The goblin barely misses you.
Found 15 bolts.
A quokka comes into view.
Found a scroll labelled GIGEMU GIOLE.
The rat twitches its whiskers.
You see here 15 bolts.
The quokka bites you.
You closely miss the quokka. The quokka completely misses you.
The goblin misses you.
You closely miss the quokka. The quokka closely misses you.
The goblin closely misses you.
You hit the quokka.
The quokka is lightly wounded.
The quokka closely misses you. The rat bites you.
The goblin hits you with a +0 club.
* * * LOW HITPOINT WARNING * * *
You hit the quokka but do no damage.
The quokka is lightly wounded.
The quokka closely misses you. The rat closely misses you.
The quokka completely misses you. The goblin closely misses you.
The ball python bites you.
You die...

........###.######.#######?#.....
###............# #.## #.#..l..
#............# .# #.#.....
#....$.......####.# #.#.†...
#.................## #.#....†
#..................# ###...
#................#?## #...
#.#.#.######(gS.....# #..$
#...#.# #.r@r....# #...
####....... #... ....... .......
....... ....##. ..... .#..##


You could see a quokka, a goblin, a ball python and a rat.

Vanquished Creatures
  2 ball pythons (D:1)
  A giant cockroach (D:1)
  A rat (D:1)
4 creatures vanquished.

Notes
Turn   | Place    | Note
-------+----------+-------------------------------------------
     0 | D:1      | snilloc10 the Spriggan Earth Elementalist began the quest
                  | for the Orb.
     0 | D:1      | Reached XP level 1. HP: 9/9 MP: 5/5
   251 | D:1      | Slain by a ball python

Illustrated notes

Levels and vault maps discovered:
D:1:      dpeg_arrival_ternary, layout_basic, minmay_misc_feat_more_columns,
          bh_walls_and_bars

Action                   || total
-------------------------++-------
Melee: Unarmed           ||    23
 Cast: Sandblast         ||     5
Armor: Robe              ||     5
Dodge: Dodged            ||    22
